 Dungeon Crawl Stone Soup version 0.18-a0-1764-gf4ddf0b (webtiles) character file.

27 Duffy the Chopper (level 3, 0/27 HPs)
             Began as a Formicid Skald on Apr 13, 2016.
             Succumbed to a goblin's poison
             ... on level 1 of the Dungeon.
             The game lasted 00:01:01 (930 turns).

Duffy the Chopper (Formicid Skald)                   Turns: 930, Time: 00:01:02

Health: 0/27       AC:  3    Str: 21    XL:     3   Next: 25%
Magic:  6/6        EV: 11    Int: 11    God:
Gold:   50         SH:  0    Dex: 10    Spells: 1 memorised, 5 levels left

rFire  . . .     SeeInvis +     a - +0 hand axe
rCold  . . .     Gourm    .     b - +0 leather armour
rNeg   . . .     Faith    .     (no shield)
rPois  .         Spirit   .     (helmet unavailable)
rElec  .         Dismiss  .     (no cloak)
rCorr  .         Reflect  .     (no gloves)
SustAt .         Harm     .     (no boots)
MR     .....                    (no amulet)
Stlth  +.........               (no ring)
                                i - +4 ring of strength

@: lethally poisoned (0 -> -8), not resistant to hostile enchantments, very
unstealthy
A: permanent stasis, dig shafts and tunnels, four strong arms, antennae 3
a: Dig, Shaft Self


You were on level 1 of the Dungeon.
You were not hungry.

You visited 1 branch of the dungeon, and saw 1 of its levels.

You collected 50 gold pieces.


Innate Abilities, Weirdness & Mutations

You are under a permanent stasis effect.
You can dig through walls and to a lower floor.
Your four strong arms can wield two-handed weapons with a shield.
You have a pair of large antennae on your head (SInv).


   Skills:
 - Level 2.1 Fighting
 + Level 3.4 Axes
 - Level 1.1 Armour
 - Level 0.8 Dodging
 - Level 2.1 Spellcasting
 - Level 3.0 Charms


You had 5 spell levels left.
You knew the following spells:

 Your Spells              Type           Power        Failure   Level  Hunger
a - Infusion              Chrm           #...         12%         1    ##.....

Inventory:

Hand Weapons
 a - a +0 hand axe (weapon)
Armour
 b - a +0 leather armour (worn)
Jewellery
 i - a +4 ring of strength (left hand)
Scrolls
 e - a scroll of enchant armour {unknown}
 g - a scroll of teleportation {unknown}
 h - a scroll of fear {unknown}
Books
 c - a book of Battle
Comestibles
 d - a bread ration
 f - 2 fruits

Dungeon Overview and Level Annotations

Branches:
Dungeon (1/15)

Altars:


Message History

You dig through the rock wall.
You retract your mandibles.
You extend your mandibles.
Okay, then.
You dig through the rock wall.
You dig through the rock wall.
You dig through the rock wall.
The goblin hits you with a dagger of venom.
You are poisoned.
The goblin barely misses you.
You retract your mandibles.
You hit the goblin.
The goblin is heavily wounded.
You feel sick. The goblin barely misses you.
You completely miss the goblin.
The goblin is heavily wounded.
You feel sick. The goblin closely misses you.
You closely miss the goblin.
The goblin is heavily wounded.
You feel sick.
The goblin hits you with a dagger of venom.
You are lethally poisoned!
You feel sick.
You feel sick.
You feel sick.
You feel sick.
You feel sick.
You see here a giant newt corpse.
You feel sick.
You feel sick.
You feel sick.
You feel sick.
You feel sick.
You feel sick. The goblin barely misses you.
You feel sick.
You die...

......#.########.###.#......#####
###.#.#.# #..).# #.#.####....).
#.#.#.# #..#.###.#.# #######
#.....# #..#.......# ##...##
#>.###..#### # #...# #.#.....# #
#...# ####.#.##..# ####### ###
####...###..........# #.....##...
.........%.##.#.@#g####.....#....
.........%....#..#......%.......0
...........####..######.....##...
####...###.......# #.....##...
####...# ######.## #####.##000
..##...# #.# #.).####
#>##...###### #.##### #.##....
#.##...##...# #..##.######.#####.
#.#.....#...# ##.#.#.............


There were no monsters in sight!

Action                   || total
-------------------------++-------
Melee: Hand axe          ||    69
 Abil: Dig               ||     2
Armor: Leather armour    ||    15
Dodge: Dodged            ||    46

Notes
Turn   | Place    | Note
--------------------------------------------------------------
     0 | D:1      | Duffy the Formicid Skald began the quest for the Orb.
     0 | D:1      | Reached XP level 1. HP: 16/16 MP: 3/3
   334 | D:1      | Reached XP level 2. HP: 22/22 MP: 5/5
   480 | D:1      | Reached skill level 3 in Axes
   664 | D:1      | Reached XP level 3. HP: 25/27 MP: 6/6
   930 | D:1      | Succumbed to a goblin's poison

Vault maps used:
D:1:      minmay_arrival_stair_chambers, monster_avoids_cloud

Vanquished Creatures
  2 dart slugs
  A giant gecko
  A giant cockroach
  5 goblins
  3 hobgoblins
  2 jackals
  A giant newt
  3 kobolds
  2 rats
20 creatures vanquished.
